AoeStats
← YNWA27

Golden Pit

507693927Analyzed
1v1 RM · 12d ago on Sep 19, 2026· 34m 42s· 2 players
Game mode
Random Map
Map size
Tiny (2 player)
Population
200
Speed
Normal
Resources
Standard
Victory
Conquest
Starting age
Dark Age
Ending age
Imperial Age
RankedLock teamsTeams togetherTeam positionsShared explorationLock speedFull tech treeHidden civsTurbo modeCheats
Victory
Defeat
🇩🇪 Aztecs · Germany
1272
+15
🇨🇿 Chinese · Czechia
1260
-15
kasato
0:25 Loom
8:58 Feudal Age
9:41 Double-Bit Axe
12:13 Fletching
12:09 Horse Collar
19:15 Wheelbarrow
22:47 Castle Age
20:44 Gold Mining
21:51 Padded Archer Armor
23:41 Bodkin Arrow
24:48 Bow Saw
24:06 Crossbowman
25:19 Thumb Ring
30:01 Ballistics
YNWA27
9:04 Feudal Age
9:17 Loom
15:05 Double-Bit Axe
18:32 Horse Collar
23:33 Castle Age
22:18 Fletching
22:29 Scale Mail Armor
23:45 Padded Archer Armor
24:03 Eagle Warrior
25:06 Chain Mail Armor
26:02 Crossbowman
33:01 Squires
33:43 Forging
34:14 Bodkin Arrow
Connection lost

Rejoining the realm…

Still unreachable

The connection could not be restored.

Session expired

The server has moved on; the page needs a fresh start.